General information
- name: BNet
- type: Ladder team game (AT/RT)
- host: Battle.net
- saver: sylvia
map: Goldshire
- players: 4
- length: 24:09
- speed: Fast
- version: 1.24 W3XP
- replay type: Public
» download(179 KB)
Players
team 1 (winner)
Anyway (
yellow | 163 APM | 3937 actions | 24:08)
5 Death Knight
3 Death Coil
2 Unholy Aura
5 Lich
2 Frost Armor
3 Frost Nova
» actions
| Assign group hotkey | 117 | |
| Basic commands | 451 | |
| Build / train | 70 | |
| Enter build submenu | 13 | |
| Enter hero's abilities submenu | 10 | |
| Give item / drop item | 1 | |
| Right click | 1372 | |
| Select / deselect | 339 | |
| Select group hotkey | 1379 | |
| Use ability | 185 | |
3937 total
» units
| Acolyte | 6 | |
| Ghoul | 2 | |
| Crypt Fiend | 14 | |
| Obsidian Statue | 9 | |
31 total
» upgrades
| Destroyer Form | 1 | |
| Burrow | 1 | |
| Web | 1 | |
| Creature Carapace | 1 | |
| Creature Attack | 1 | |
5 total
» buildings
| Altar of Darkness | 1 | |
| Ziggurat | 6 | |
| Crypt | 1 | |
| Tomb of Relics | 1 | |
| Graveyard | 1 | |
| Nerubian Tower | 3 | |
| Halls of the Dead | 1 | |
| Black Citadel | 1 | |
| Slaughterhouse | 1 | |
| Sacrificial Pit | 1 | |
17 total
» build order
00:08 Altar of Darkness
00:11 Ziggurat
00:37 Crypt
00:59 Tomb of Relics
01:18 Graveyard
01:44 Ziggurat
02:29 Nerubian Tower
02:29 Nerubian Tower
02:29 Nerubian Tower
04:42 Halls of the Dead
05:29 Ziggurat
07:09 Black Citadel
07:44 Slaughterhouse
11:19 Ziggurat
16:11 Ziggurat
20:07 Ziggurat
20:09 Sacrificial Pit
» items
| Rod of Necromancy | 3 | |
| Dust of Appearance | 3 | |
| Scroll of Town Portal | 4 | |
| Orb of Corruption | 1 | |
| Potion of Mana | 1 | |
| Potion of Healing | 1 | |
13 total
sylvia (
purple | 143 APM | 3450 actions | 24:09)
7 Archmage
3 Summon Water Elemental
3 Brilliance Aura
1 Mass Teleport
4 Mountain King
2 Storm Bolt
2 Bash
» actions
| Assign group hotkey | 52 | |
| Basic commands | 18 | |
| Build / train | 92 | |
| ESC pressed | 2 | |
| Enter build submenu | 22 | |
| Enter hero's abilities submenu | 13 | |
| Give item / drop item | 5 | |
| Right click | 1145 | |
| Select / deselect | 977 | |
| Select group hotkey | 956 | |
| Use ability | 168 | |
3450 total
» units
| Peasant | 13 | |
| Footman | 5 | |
| Priest | 9 | |
| Sorceress | 3 | |
| Spell Breaker | 16 | |
46 total
» upgrades
» buildings
| Altar of Kings | 1 | |
| Barracks | 1 | |
| Farm | 10 | |
| Scout Tower | 2 | |
| Arcane Tower | 1 | |
| Keep | 1 | |
| Arcane Vault | 1 | |
| Lumber Mill | 1 | |
| Arcane Sanctum | 2 | |
| Guard Tower | 1 | |
| Town Hall | 1 | |
| Blacksmith | 1 | |
23 total
» build order
00:05 Altar of Kings
00:19 Barracks
00:33 Farm
00:49 Farm
01:40 Scout Tower
02:09 Farm
02:24 Arcane Tower
03:53 Keep
04:06 Arcane Vault
04:22 Lumber Mill
04:48 Farm
05:09 Scout Tower
06:20 Arcane Sanctum
06:22 Arcane Sanctum
06:52 Farm
06:56 Farm
10:35 Guard Tower
14:52 Farm
15:34 Town Hall
19:49 Farm
22:12 Farm
22:32 Farm
22:33 Blacksmith
» items
| Scroll of Regeneration | 7 | |
| Lesser Clarity Potion | 7 | |
| Potion of Healing | 7 | |
| Scroll of Town Portal | 3 | |
24 total
team 2 (loser)
9may (
red | 84 APM | 2013 actions | 24:01)
5 Blademaster
2 Wind Walk
3 Critical Strike
4 Shadow Hunter
2 Hex
2 Healing Wave
» actions
| Assign group hotkey | 162 | |
| Basic commands | 1 | |
| Build / train | 111 | |
| Enter build submenu | 13 | |
| Enter hero's abilities submenu | 9 | |
| Give item / drop item | 1 | |
| Right click | 727 | |
| Select / deselect | 447 | |
| Select group hotkey | 357 | |
| Use ability | 184 | |
2013 total
» units
| Peon | 16 | |
| Grunt | 14 | |
| Raider | 12 | |
| Spirit Walker | 7 | |
| Troll Batrider | 10 | |
| Troll Headhunter/Berserker | 10 | |
69 total
» upgrades
| Ensnare | 1 | |
| Spirit Walker Training | 1 | |
| Berserker Strength | 1 | |
| Armor | 1 | |
| Melee Weapons | 1 | |
| Berserker Upgrade | 1 | |
6 total
» buildings
| Altar of Storms | 1 | |
| Orc Burrow | 6 | |
| Barracks | 1 | |
| Voodoo Lounge | 2 | |
| Stronghold | 1 | |
| Beastiary | 1 | |
| Spirit Lodge | 1 | |
| War Mill | 1 | |
| Fortress | 3 | |
17 total
» build order
00:06 Altar of Storms
00:18 Orc Burrow
00:37 Barracks
01:27 Orc Burrow
01:51 Voodoo Lounge
02:47 Stronghold
04:49 Orc Burrow
05:21 Beastiary
05:22 Spirit Lodge
07:08 Orc Burrow
08:07 Voodoo Lounge
10:36 Orc Burrow
10:38 Orc Burrow
10:40 War Mill
13:33 Fortress
13:33 Fortress
» items
| Healing Salve | 3 | |
| Lesser Clarity Potion | 4 | |
| Scroll of Speed | 2 | |
| Boots of Speed | 3 | |
| Potion of Healing | 6 | |
| Orb of Lightning | 1 | |
| Scroll of Town Portal | 1 | |
20 total
MozartLacrimosa (
green | 125 APM | 3006 actions | 24:08)
5 Archmage
3 Summon Water Elemental
2 Brilliance Aura
3 Mountain King
2 Storm Bolt
1 Bash
» actions
| Assign group hotkey | 79 | |
| Basic commands | 196 | |
| Build / train | 78 | |
| ESC pressed | 3 | |
| Enter build submenu | 35 | |
| Enter hero's abilities submenu | 8 | |
| Give item / drop item | 4 | |
| Right click | 1016 | |
| Select / deselect | 657 | |
| Select group hotkey | 700 | |
| Use ability | 230 | |
3006 total
» units
| Peasant | 28 | |
| Footman | 8 | |
| Priest | 8 | |
| Spell Breaker | 6 | |
50 total
» upgrades
| Priest Training | 1 | |
| Lumber Harvesting | 1 | |
2 total
» buildings
| Altar of Kings | 1 | |
| Farm | 9 | |
| Barracks | 1 | |
| Scout Tower | 11 | |
| Arcane Tower | 3 | |
| Keep | 1 | |
| Lumber Mill | 1 | |
| Arcane Sanctum | 2 | |
| Town Hall | 2 | |
| Arcane Vault | 4 | |
| Blacksmith | 1 | |
| Guard Tower | 3 | |
39 total
» build order
00:03 Altar of Kings
00:17 Farm
00:47 Barracks
01:04 Farm
01:22 Farm
01:24 Farm
01:32 Scout Tower
02:20 Arcane Tower
02:55 Scout Tower
03:38 Keep
05:11 Farm
05:13 Lumber Mill
05:29 Farm
06:07 Arcane Sanctum
06:28 Arcane Sanctum
07:05 Town Hall
07:08 Scout Tower
07:09 Scout Tower
07:52 Arcane Tower
10:34 Arcane Vault
10:41 Arcane Vault
10:48 Arcane Vault
11:00 Scout Tower
11:07 Scout Tower
11:19 Blacksmith
11:23 Scout Tower
11:24 Scout Tower
11:29 Farm
11:30 Farm
11:35 Farm
11:38 Arcane Tower
12:02 Guard Tower
12:38 Guard Tower
12:39 Scout Tower
13:32 Guard Tower
16:23 Scout Tower
16:24 Scout Tower
17:58 Town Hall
22:52 Arcane Vault
» items
| Healing Salve | 1 | |
| Lesser Clarity Potion | 1 | |
| Staff of Teleportation | 1 | |
| Potion of Healing | 2 | |
| Scroll of Town Portal | 1 | |
6 total
Chat log
(00:46 / Allies) Anyway: i harass
(00:48 / Allies) Anyway: btw
(00:53 / Allies) sylvia: y thought so
(02:47 / Allies) Anyway: toe
(05:27 / Allies) sylvia: ?
(05:32 / Allies) Anyway: ok
(08:21 / Allies) sylvia: rego
(10:45 / Allies) Anyway: :(
(11:19 / Allies) sylvia: u tp?
(11:24 / Allies) Anyway: ye..
(15:42 / Allies) sylvia: b
(15:53 / Allies) sylvia: i tp
(15:53 / Allies) sylvia: b
(16:03 / Allies) sylvia: rego
(17:03 / Allies) sylvia: they up
(18:14 / Allies) sylvia: i bp
(18:15 / Allies) sylvia: b
(20:14 / Allies) sylvia: g?
(21:31 / Allies) sylvia: i b
(24:04 / Allies) sylvia: gg dude